 Dungeon Crawl Stone Soup version 0.20.1-1-g8b1a95d66d (webtiles) character file.

53 Peloso the Shield-Bearer (level 4, 31/31 HPs)
             Began as a Halfling Fighter on Dec 3, 2017.
             Quit the game on level 2 of the Dungeon.
             The game lasted 00:03:47 (1872 turns).

Peloso the Shield-Bearer (Halfling Fighter)         Turns: 1872, Time: 00:03:47

Health: 31/31      AC: 12    Str: 15 (16) XL:     4   Next: 11%
Magic:  4/4        EV:  4    Int:  3 (6)  God:
Gold:   107        SH:  9    Dex: 10 (13) Spells: 3/3 levels left

rFire    + . .     SeeInvis .   a - +0 long sword
rCold    + . .     Gourm    .   c - +0 shield
rNeg     . . .     Faith    .   b - +0 plate armour
rPois    +         Spirit   .   (no helmet)
rElec    +         Reflect  .   (no cloak)
rCorr    +         Harm     .   (no gloves)
MR       .....                  o - +0 pair of boots (curse)
Stlth    ..........             (no amulet)
Regen    0.1/turn               (no ring)
MPRegen  0.1/turn               (no ring)

@: resistant, very slightly contaminated
A: mutation resistance 1, weak 1
a: no special abilities


You were on level 2 of the Dungeon.
You were not hungry.

You visited 1 branch of the dungeon, and saw 2 of its levels.

You collected 107 gold pieces.

Inventory:

Hand Weapons
 a - a +0 long sword (weapon)
 n - a +1 war axe of flaming
Armour
 b - a +0 plate armour (worn)
 c - a +0 shield (worn)
 o - a cursed +0 pair of boots (worn)
Scrolls
 e - a scroll of magic mapping
 m - a scroll of blinking
 p - a scroll of fear {unknown}
 q - 2 scrolls of remove curse {unknown}
 r - a scroll of amnesia {unknown}
Potions
 d - 2 potions of might
 l - a potion of degeneration
 s - a potion of agility {unknown}
 t - 2 potions of heal wounds {unknown}
Comestibles
 f - a bread ration
 g - a meat ration
 h - a royal jelly
 u - 2 chunks of flesh


   Skills:
 + Level 3.0 Fighting
 + Level 2.6 Long Blades
 + Level 3.7 Armour
 + Level 0.7 Dodging
 + Level 3.9 Shields


You had 3 spell levels left.
You didn't know any spells.

Dungeon Overview and Level Annotations

Branches:
Dungeon (2/15)

Altars:


Innate Abilities, Weirdness & Mutations

You are small and have problems with some larger weapons.
You are somewhat resistant to further mutation.
You are weak. (Str -2)


Message History

As you read the scroll labeled NAARPH OKUHOSEI, it crumbles to dust.
It is a scroll of identify.
j - a potion of mutation Drop what? 20/52 slots (_ for help) (? for menu, Esc to quit)
You drop a potion of mutation.
Blink to where?
Press: ? - help, Dir - move target cursor You are very lightly contaminated with residual magic.
As you read the scroll labeled IGOKIH EL KOJUVE, it crumbles to dust.
It was a scroll of blinking.
You see here a potion of mutation.
j - a potion of mutation You feel extremely strange.
You feel weaker.
It was a potion of resistance.
You feel protected.
It was a potion of degeneration.
There was something very wrong with that liquid.
You feel weakened.
You feel dopey.
You feel clumsy.
Are you sure you want to abandon this character and quit the game? (Confirm with "yes".)

#####
#.#####.#.#.##.....#....#
#.......#.#.##.#####.#..#
#######.#.#.##.# ###.#..#
####.#.#.##.# #...#..#
#....#.#....# #.###..#
#.##.#.########.###..##
#....#†#.............#.
####.#.#.#####.#####.#.
#.#@..# #.......#.
#.##### ###.......
##############.# ########
...............#
################


There were no monsters in sight!

Vanquished Creatures
  An adder (D:2)
  A worm (D:2)
  2 dart slugs (D:1)
  A leopard gecko (D:1)
  6 bats
  3 giant cockroaches
  4 goblins
  5 hobgoblins
  4 frilled lizards
  6 kobolds
  5 rats
38 creatures vanquished.

Notes
Turn   | Place    | Note
-------+----------+-------------------------------------------
     0 | D:1      | Peloso the Halfling Fighter began the quest for the Orb.
     0 | D:1      | Reached XP level 1. HP: 15/15 MP: 1/1
    78 | D:1      | Reached XP level 2. HP: 17/20 MP: 2/2
   467 | D:1      | Reached XP level 3. HP: 26/26 MP: 3/3
  1522 | D:2      | Reached XP level 4. HP: 12/31 MP: 4/4
  1869 | D:2      | Gained mutation: You are weak. (Str -2) [potion of mutation]
  1872 | D:2      | Quit the game

Skill      XL: |  1  2 |
---------------+-------+-----
Fighting       | 3 |  3.0
Long Blades    | |  2.6
Armour         | |  3.7
Dodging        | |  0.7
Shields        | |  3.9

Action                   |  1- 3 |  4- 6 || total
-------------------------+-------+-------++-------
Melee: Long sword        |   133 |    15 ||   148
  Use: Scroll            |       |     3 ||     3
       Potion            |       |     3 ||     3
  Eat: Chunk             |       |     3 ||     3
Armor: Scale mail        |    64 |       ||    64
       Chain mail        |     7 |     4 ||    11
       Plate armour      |       |     6 ||     6
Dodge: Dodged            |    41 |     1 ||    42
Block: Shield            |    78 |     7 ||    85
       Rpst.: Long sword |    12 |       ||    12
